 Dungeon Crawl Stone Soup version 0.30-a0-622-gddc90eaa04 (webtiles) character file.

Game seed: 761551474730960132

14 tilp the Shield-Bearer (level 2, -6/26 HPs)
             Began as a Meteoran Fighter on Jan 10, 2023.
             Killed by nerve-wracking pain
             ... invoked by Jessica
              (12 damage)
             ... on level 2 of the Dungeon.
             The game lasted 00:01:19 (338 turns).

tilp the Shield-Bearer (Meteoran Fighter)            Turns: 338, Time: 00:01:20

Health: -6/26      AC:  8    Str: 17    XL:     2   Next: 82%
Magic:  3/3        EV:  9    Int:  9    God:
Gold:   31         SH:  5    Dex: 13    Spells: 1/1 levels left

rFire   . . .      SeeInvis .    a - +0 long sword
rCold   . . .      Faith    .    c - +0 buckler
rNeg    . . .      Spirit   .    b - +0 scale mail
rPois   .          Reflect  .    i - +0 helmet
rElec   .          Harm     .    (no cloak)
rCorr   .          Rampage  .    (no gloves)
Will    .....                    (no boots) Stlth
                                 (no amulet)
HPRegen 0.24/turn                (no ring)
MPRegen 0.08/turn                (no ring)

@: lethally poisoned (-6 -> -28), glowing
A: sense surroundings 1, otherworldly, glowing, explore regen
a: no special abilities


You were on level 2 of the Dungeon.
You visited 1 branch of the dungeon, and saw 2 of its levels.

You collected 31 gold pieces.

Inventory:

Hand Weapons
 a - a +0 long sword (weapon)
Missiles
 j - 7 stones (quivered)
Armour
 b - a +0 scale mail (worn)
 c - a +0 buckler (worn)
 g - a +0 plate armour
 i - a +0 helmet (worn)
Scrolls
 f - a scroll of fear {unknown}
Potions
 d - a potion of might
 e - a potion of berserk rage {unknown}
 h - a potion of heal wounds {unknown}


   Skills:
 + Level 3.4 Fighting
 + Level 2.6 Long Blades
 + Level 3.7 Armour
 * Level 1.3 Dodging
 + Level 0.2 Stealth
 + Level 3.7 Shields


You had one spell level left.
You didn't know any spells.
Your spell library was empty.

Dungeon Overview and Level Annotations

Branches:
Dungeon (2/15) Zot: 848

Altars:

Annotations:
D:2 Jessica


Innate Abilities, Weirdness & Mutations

You passively map a small area around you.
You are easily found by Zot.
You glow in the dark.
You regain HP and MP as you explore.


Message History

You completely miss the frilled lizard.
The frilled lizard bites you but does no damage.
You block the frilled lizard's attack.
You slash the frilled lizard!
You kill the frilled lizard!
Found an escape hatch in the floor.
You slash the endoplasm!
You kill the endoplasm!
The endoplasm hits you but does no damage.
You hit the endoplasm.
The endoplasm is almost dead.
The endoplasm hits you. You block the endoplasm's attack.
You hit the endoplasm.
You kill the endoplasm!
No target in view!
Jessica the Apprentice Sorceress comes into view.
She is wielding a +2 dagger of venom.
Jessica shouts!
You hear an angry hiss.
Jessica moves out of view.
You hit Jessica.
Jessica is heavily wounded.
Jessica hits you with a +2 dagger of venom.
You are poisoned.
Jessica hits you but does no damage.
You are more poisoned.
You barely miss Jessica.
Jessica is heavily wounded.
You feel extremely sick.
An adder comes into view.
Jessica hits you with a +2 dagger of venom.
You are more poisoned.
You are too injured to fight recklessly!
You are too injured to fight recklessly!
Unknown command.
You closely miss Jessica.
Jessica is heavily wounded.
* * * LOW HITPOINT WARNING * * *
You feel extremely sick.
Jessica points at you and mumbles some strange words.
Pain shoots through your body!
You die...

* * , ###.###.#. ..
........# * #S *
*#.......,, *
##.#####.>....#** *
,.....##...#..#####.
#...##...#........,
*#...##...#<....... *
#..##..@#.............
,
.......@......†...###.
...##......#..........
, ,
##.##########.##.<, ,
, ,... , , ... . *
###.*** ... * #. *
.... * * #. * ##. * #.
* , ,


You could see an adder and Jessica.

Vanquished Creatures
  A ball python (D:1)
  A bat (D:1)
  2 endoplasms (D:2)
  A giant cockroach (D:1)
  2 hobgoblins (D:1)
  A kobold (D:1)
  3 frilled lizards
  2 rats (D:1)
13 creatures vanquished.

Notes
Turn   | Place    | Note
-------+----------+-------------------------------------------
     0 | D:1      | tilp the Meteoran Fighter began the quest for the Orb.
     0 | D:1      | Reached XP level 1. HP: 19/19 MP: 2/2
   107 | D:1      | Reached XP level 2. HP: 18/26 MP: 3/3
   210 | D:1      | Reached skill level 1 in Dodging
   333 | D:2      | Noticed Jessica
   338 | D:2      | Killed from afar by Jessica

Illustrated notes

Levels and vault maps discovered:
D:1:      co_arrival_square_in_a_square_in_a_square, layout_loops_ring
D:2:      layout_basic, chequers_jeans, uniq_terence, uniq_jessica, uniq_natasha

Skill      XL: |  1  2 |
---------------+-------+-----
Dodging        | 1 |  1.3
Fighting       | |  3.4
Long Blades    | |  2.6
Armour         | |  3.7
Stealth        | |  0.2
Shields        | |  3.7

Action                   || total
-------------------------++-------
Melee: Long sword        ||    38
Armor: Scale mail        ||    21
Dodge: Dodged            ||     8
Block: Buckler           ||    12

Table legend: (Time is in decaauts)
 A = Elapsed time spent in this place.
 B = Non-inter-level travel time spent in this place.
 C = Inter-level travel time spent in this place.
 D = Time resting spent in this place.
 E = Time spent auto-exploring this place.
 F = Levels seen in this place.
 G = Mean time per level.
                   A        B        C        D        E       F      G
               +--------+--------+--------+--------+--------+-----+--------+
         Total |    350 |    341 |      9 |      0 |     38 |   2 |  175.0 |
       Dungeon |    350 |    341 |      9 |      0 |     38 |   2 |  175.0 |
               +--------+--------+--------+--------+--------+-----+--------+

Top non-repeatable levels by time:
     D:1: 328 daAuts
     D:2: 22 daAuts
